 Dungeon Crawl Stone Soup version 0.30.1-4-g462c640d31 (webtiles) character file.

Game seed: 3563418828861011974

1252 FishyPogo the Insei (level 8, -4/61 HPs)
             Began as a Gnoll Transmuter on Aug 13, 2023.
             Was an Initiate of the Shining One.
             Slain by a black bear (9 damage)
             ... on level 5 of the Dungeon.
             The game lasted 00:16:00 (4002 turns).

FishyPogo the Insei (Gnoll Transmuter)              Turns: 4002, Time: 00:16:01

Health: -4/61      AC:  4    Str: 10    XL:     8   Next: 51%
Magic:  17/17      EV: 14    Int: 21    God:    the Shining One [......]
Gold:   255        SH:  0    Dex: 13    Spells: 6/19 levels left

rFire   . . .        a - +5 dagger of the Disbelieving Seer {holy, Drain rElec Int+7 Stlth+}
rCold   + . .        (no shield)
rNeg    . . .        o - +0 robe
rPois   .            x - melded +0 helmet
rElec   +            D - +0 cloak
rCorr   .            c - +0 pair of gloves
SInv    .            A - melded +0 pair of boots
Will    .....        (no amulet)
Stlth   ++           v - ring of protection from cold
HPRegen 0.30/turn    (no ring)
MPRegen 0.15/turn

%: no passive effects
@: appendages, glowing
A: horns 2, talons 2, fangs 1, strong nose, distributed training
a: End Transformation, Renounce Religion


You were on level 5 of the Dungeon.
You worshipped the Shining One.
The Shining One was noncommittal.
You had temporarily grown beastly horns and talons.
You visited 1 branch of the dungeon, and saw 6 of its levels.

You collected 360 gold pieces.
You spent 105 gold pieces at shops.

Inventory:

Hand Weapons
 a - the +5 dagger of the Disbelieving Seer (weapon) {holy, Drain rElec Int+7 Stlth+}
   (You found it on level 2 of the Dungeon)

   Int:       It affects your intelligence (+7).
   rElec:     It insulates you from electricity.
   Drain:     It drains your maximum health when unequipped.
   Stlth:     It makes you more stealthy.
 b - the +5 mace "Vetuph" {venom, Str+3 SInv}
   (You found it on level 2 of the Dungeon)

   Str:       It affects your strength (+3).
   SInv:      It lets you see invisible.
 C - a +4 quarterstaff of chaos
Missiles
 d - 6 curare-tipped darts
 e - 25 stones
 t - 8 poisoned darts (quivered)
Armour
 c - a +0 pair of gloves (worn)
 o - a +0 robe (worn)
 x - a +0 helmet (melded)
 A - a +0 pair of boots (melded)
 D - a +0 cloak (worn)
Magical Staves
 g - a staff of fire
Jewellery
 v - a ring of protection from cold (left hand)
Wands
 q - a wand of charming (8)
 w - a wand of mindburst (20)
 E - a wand of flame (17)
Scrolls
 f - 9 scrolls of identify {unknown}
 h - 3 scrolls of poison {unknown}
 i - 3 scrolls of amnesia {unknown}
 j - 5 scrolls of teleportation
 l - a scroll of butterflies {unknown}
 n - a scroll of fog {unknown}
 s - a scroll of enchant weapon {unknown}
 u - a scroll of blinking {unknown}
 y - a scroll of immolation {unknown}
 z - a scroll of vulnerability {unknown}
 B - a scroll of magic mapping
Potions
 k - a potion of might {unknown}
 m - 3 potions of curing
 p - a potion of lignification
 r - a potion of ambrosia {unknown}
 F - a potion of invisibility {unknown}


   Skills:
 + Level 4.4 Fighting
 + Level 3.4 Short Blades
 + Level 3.4 Long Blades
 + Level 3.4 Axes
 + Level 3.4 Maces & Flails
 + Level 3.4 Polearms
 + Level 3.4 Staves
 + Level 3.4 Ranged Weapons
 + Level 3.4 Throwing
 + Level 3.4 Armour
 + Level 5.8 Dodging
 + Level 3.4 Stealth
 + Level 3.4 Shields
 + Level 7.5 Unarmed Combat
 + Level 6.1 Spellcasting
 + Level 2.8 Conjurations
 + Level 2.8 Hexes
 + Level 2.8 Summonings
 + Level 2.8 Necromancy
 + Level 2.8 Translocations
 + Level 4.8 Transmutations
 + Level 2.8 Fire Magic
 + Level 2.8 Ice Magic
 + Level 2.8 Air Magic
 + Level 2.8 Earth Magic
 + Level 2.8 Poison Magic
 + Level 3.8 Invocations
 + Level 3.4 Evocations


You had 6 spell levels left.
You knew the following spells:

 Your Spells              Type           Power      Damage    Failure   Level
a - Beastly Appendage     Tmut           52%        N/A       1%          1
b - Wereblood             Tmut           26%        N/A       1%          2
c - Spider Form           Tmut/Pois      22%        N/A       6%          3
d - Gell's Gravitas       Tloc           18%        N/A       9%          3
e - Manifold Assault      Tloc           18%        N/A       30%         4

Your spell library contained the following spells:

 Spells                   Type           Power      Damage    Failure   Level
 Teleport Other           Tloc           18%        N/A       9%          3
 Ice Form                 Ice/Tmut       22%        N/A       21%         4
 Dispersal                Tloc           9%         N/A       99%         6
 Disjunction              Tloc           9%         N/A       100%        8


Dungeon Overview and Level Annotations

Branches:
Dungeon (6/15)
 Temple: D:4-7

Altars:
Dithmenos
Elyvilon
Kikubaaqudgha
The Shining One

Shops:
D:4 ?


Innate Abilities, Weirdness & Mutations

You have temporarily grown beastly horns and talons.
You have very sharp teeth.
Your uncanny sense of smell can sniff out nearby items.
Your experience applies equally to all skills.


Message History

The black bear claws you.
You hit the black bear. Your headbutt misses the black bear.
The black bear is heavily wounded.
The black bear bites you! The black bear closely misses you.
The black bear claws you but does no damage.
You hit the black bear but do no damage.
You bite the black bear, but do no damage.
The black bear is heavily wounded.
The black bear bites you. The black bear claws you. x2
You hit the black bear.
You claw the black bear, but do no damage.
You headbutt the black bear. Your punch misses the black bear.
The black bear is heavily wounded.
You barely miss the black bear.
The black bear is heavily wounded.
The black bear bites you. The black bear claws you.
The black bear closely misses you.
You are too injured to fight recklessly!
Okay, then.
You hit the black bear. You claw the black bear.
The black bear is severely wounded.
The black bear goes berserk!
You barely miss the black bear. You headbutt the black bear!
The black bear is almost dead.
The black bear misses you. The black bear claws you.
The black bear closely misses you.
You hit the black bear.
The black bear is almost dead.
The black bear barely misses you. The black bear claws you.
* * * LOW HITPOINT WARNING * * *
The black bear barely misses you.
You completely miss the black bear.
You claw the black bear, but do no damage.
The black bear is almost dead.
The black bear bites you.
* * * LOW HITPOINT WARNING * * *
The black bear claws you.
* * * LOW HITPOINT WARNING * * *
The black bear completely misses you. The black bear bites you!
You die...

..........####.......>
.........##..........
........#...........
..........###.....<
##........##.##..###
#####..$.# #.#._.#.#.#
##########.......##
#.......#.#
............#>.#.#
##.....##.#
########.####.##@#
##...##.##
#...###..##h#
########.###
##.#.....###.#
#>.#.##....#
#..#.######..#
#.#..##..###
#####.##.#
#.######....<...#
...##.##.#
#.###.....####..#
PP..[.#..# #.##...#.##
##..# ...#....##
#.....##.# ##...#
.....#### #.#####..#
#..#.#


You could see a black bear (berserk).

Vanquished Creatures
  An ice beast (D:5)
  4 ogres
  2 phantoms
  Blork the orc (D:5)
  A howler monkey (D:4)
  3 hounds
  Crazy Yiuf (D:4)
  2 jellies (D:5)
  2 orc priests
  An iguana (D:5)
  2 orc wizards (D:5)
  A gnoll (D:1)
  13 adders
  A white imp (D:4)
  An ufetubus (D:5)
  3 worms (D:2)
  5 dart slugs
  6 orcs (D:3)
  4 ball pythons
  6 endoplasms
  3 giant cockroaches
  8 goblins
  6 hobgoblins
  12 jackals
  5 kobolds
  5 quokkas
  9 bats
  4 frilled lizards
  9 rats
121 creatures vanquished.

Notes
Turn   | Place    | Note
-------+----------+-------------------------------------------
     0 | D:1      | FishyPogo the Gnoll Transmuter began the quest for the Orb.
     0 | D:1      | Reached XP level 1. HP: 17/17 MP: 6/6
    33 | D:1      | Reached XP level 2. HP: 20/23 MP: 7/7
    38 | D:1      | Learned a level 2 spell: Wereblood
   384 | D:1      | Reached skill level 5 in Spellcasting
   384 | D:1      | Reached XP level 3. HP: 28/28 MP: 6/9
   529 | D:1      | Reached skill level 1 in Invocations
   842 | D:2      | Identified the +5 dagger of the Disbelieving Seer {holy,
                  | Drain rElec Int+7 Stlth+}
   855 | D:2      | Reached skill level 1 in Short Blades
   855 | D:2      | Reached skill level 1 in Long Blades
   855 | D:2      | Reached skill level 1 in Axes
   855 | D:2      | Reached skill level 1 in Maces & Flails
   855 | D:2      | Reached skill level 1 in Polearms
   855 | D:2      | Reached skill level 1 in Staves
   855 | D:2      | Reached skill level 1 in Ranged Weapons
   855 | D:2      | Reached skill level 1 in Throwing
   855 | D:2      | Reached skill level 1 in Armour
   855 | D:2      | Reached skill level 1 in Stealth
   855 | D:2      | Reached skill level 1 in Shields
   855 | D:2      | Reached skill level 1 in Evocations
   895 | D:2      | Reached XP level 4. HP: 34/34 MP: 11/11
   908 | D:2      | Identified the +5 mace "Vetuph" {venom, Str+3 SInv}
  1037 | D:2      | Reached skill level 1 in Conjurations
  1037 | D:2      | Reached skill level 1 in Hexes
  1037 | D:2      | Reached skill level 1 in Summonings
  1037 | D:2      | Reached skill level 1 in Necromancy
  1037 | D:2      | Reached skill level 1 in Translocations
  1037 | D:2      | Reached skill level 1 in Fire Magic
  1037 | D:2      | Reached skill level 1 in Ice Magic
  1037 | D:2      | Reached skill level 1 in Air Magic
  1037 | D:2      | Reached skill level 1 in Earth Magic
  1037 | D:2      | Reached skill level 1 in Poison Magic
  1388 | D:2      | Reached XP level 5. HP: 40/40 MP: 9/12
  1392 | D:2      | Learned a level 3 spell: Spider Form
  2442 | D:4      | Noticed a phantom
  2442 | D:4      | Found a white marble altar of Elyvilon.
  2453 | D:4      | Found an ancient bone altar of Kikubaaqudgha.
  2457 | D:4      | Killed a phantom
  2458 | D:4      | Reached skill level 5 in Dodging
  2458 | D:4      | Reached XP level 6. HP: 35/47 MP: 11/14
  2737 | D:4      | Learned a level 3 spell: Gell's Gravitas
  2837 | D:4      | Found a runed translucent door.
  2838 | D:4      | Noticed Crazy Yiuf
  2874 | D:5      | Entered Level 5 of the Dungeon
  2874 | D:5      | Found a shadowy altar of Dithmenos.
  2989 | D:5      | Noticed a black bear
  3032 | D:4      | Reached skill level 7 in Unarmed Combat
  3032 | D:4      | Reached XP level 7. HP: 40/52 MP: 12/15
  3185 | D:4      | Found Jizuenk Feca's Magic Scroll Shoppe.
  3188 | D:4      | Bought a scroll of magic mapping for 75 gold pieces
  3188 | D:4      | Bought a scroll of teleportation for 30 gold pieces
  3442 | D:4      | Killed Crazy Yiuf
  3551 | D:5      | Noticed Blork the orc
  3566 | D:5      | Killed Blork the orc
  3618 | D:5      | Reached XP level 8. HP: 20/60 MP: 16/16
  3674 | D:5      | Learned a level 4 spell: Manifold Assault
  3884 | D:5      | Found a glowing golden altar of the Shining One.
  3894 | D:5      | Became a worshipper of the Shining One
  4002 | D:5      | Slain by a black bear

Illustrated notes

Levels and vault maps discovered:
D:1:      erik_arrival_cave_to_civilisation [erik_arrival_cave_to_hall],
          layout_basic
D:2:      minmay_alternating_diamond, layout_rooms,
          hangedman_abyss_or_decor_stabs, minmay_misc_feat_rugged,
          minmay_misc_feat_x
D:3:      layout_loops_cross, serial_glass, glass_columns_a, glass_columns_c
D:4:      layout_basic, mainiacjoe_overflow_catwalk_spiral, serial_shops, shop,
          uniq_crazy_yiuf_cottage
D:5:      layout_rooms, mainiacjoe_overflow_cross_hatched,
          nicolae_dithmenos_through_a_glass_darkly, minmay_fractal_squares_5,
          uniq_blork_the_orc
D:6:      cheibrodos_thug_alley, layout_loops_cross,
          grunt_temple_overflow_forces_of_nature, minmay_misc_feat_enclosed,
          eino_curves_03

Skill      XL: |  1  2  3  4  5  6  7  8 |
---------------+-------------------------+-----
Spellcasting   | 5 6 |  6.1
Invocations    | 1 2 3 |  3.8
Short Blades   | 1 2 3 |  3.4
Long Blades    | 1 2 3 |  3.4
Axes           | 1 2 3 |  3.4
Maces & Flails | 1 2 3 |  3.4
Polearms       | 1 2 3 |  3.4
Staves         | 1 2 3 |  3.4
Ranged Weapons | 1 2 3 |  3.4
Throwing       | 1 2 3 |  3.4
Armour         | 1 2 3 |  3.4
Stealth        | 1 2 3 |  3.4
Shields        | 1 2 3 |  3.4
Evocations     | 1 2 3 |  3.4
Conjurations   | 1 2 |  2.8
Hexes          | 1 2 |  2.8
Summonings     | 1 2 |  2.8
Necromancy     | 1 2 |  2.8
Translocations | 1 2 |  2.8
Fire Magic     | 1 2 |  2.8
Ice Magic      | 1 2 |  2.8
Air Magic      | 1 2 |  2.8
Earth Magic    | 1 2 |  2.8
Poison Magic   | 1 2 |  2.8
Fighting       | 3 4 |  4.4
Transmutations | 4 |  4.8
Dodging        | 5 |  5.8
Unarmed Combat | 7 |  7.5

Action                     |  1- 3 |  4- 6 |  7- 9 || total
---------------------------+-------+-------+-------++-------
  Melee: Unarmed           |    62 |       |       ||    62
         Kick              |    11 |    26 |    27 ||    64
         Headbutt          |     7 |    12 |    18 ||    37
         Bite              |     4 |     8 |    11 ||    23
         Dagger            |    13 |   131 |   101 ||   245
         Punch             |     2 |     5 |     2 ||     9
  Throw: Dart              |       |     1 |     2 ||     3
   Cast: Beastly Appendage |    14 |    25 |     9 ||    48
         Wereblood         |     3 |     6 |     6 ||    15
         Gell's Gravitas   |       |     2 |       ||     2
Ability: End Transformatio |       |     1 |       ||     1
  Evoke: Wand              |       |     1 |       ||     1
   Stab: Distracted        |     1 |       |       ||     1
         Sleeping          |       |     9 |       ||     9
 Armour: Robe              |    17 |    23 |    17 ||    57
  Dodge: Dodged            |    44 |    69 |    70 ||   183
